 Dungeon Crawl Stone Soup version 0.26.1-2-gb8aa6d0cf2 (webtiles) character file.

Game seed: 15688185256087872044

223 Phaedo the Sneak (level 5, -1/40 (42) HPs)
             Began as a Demigod Delver on Mar 25, 2021.
             Slain by a gnoll
             ... wielding a +2 dagger of chaos
              (15 damage)
             ... on level 3 of the Dungeon.
             The game lasted 00:06:44 (2995 turns).

Phaedo the Sneak (Demigod Delver)                   Turns: 2995, Time: 00:06:45

HP:   -1/40 (42)    AC:  3    Str: 15    XL:     5   Next: 39%
MP:   7/7           EV: 18    Int: 16    God:
Gold: 113           SH:  0    Dex: 17    Spells: 4/4 levels left

rFire    . . .     SeeInvis .   t - +2 dagger (venom)
rCold    . . .     Faith    .   (no shield)
rNeg     . . .     Spirit   .   b - +0 leather armour
rPois    .         Reflect  .   (no helmet)
rElec    .         Harm     .   (no cloak)
rCorr    .         Rampage  .   (no gloves)
Will     .....                  (no boots)
Stlth    +++.......             v - amulet of regeneration
HPRegen  0.53/turn              (no ring)
MPRegen  0.10/turn              (no ring)

@: agile, lightly drained
A: high mp 1
a: no special abilities


You were on level 3 of the Dungeon.
You visited 1 branch of the dungeon, and saw 5 of its levels.

You collected 113 gold pieces.

Inventory:

Hand Weapons
 a - a +0 mace
 p - a +2 mace of protection
 t - a +2 dagger of venom (weapon)
Missiles
 j - 61 stones
 k - 6 boomerangs
 u - 11 poisoned darts (quivered)
Armour
 b - a +0 leather armour (worn)
Jewellery
 o - a +4 ring of evasion {unknown}
 v - an amulet of regeneration (around neck)
 B - a +6 ring of intelligence {unknown}
Wands
 g - a wand of digging (3)
 h - a wand of paralysis (5)
Scrolls
 c - a scroll of fog
 d - a scroll of magic mapping
 e - a scroll of fear
 l - a scroll of noise {unknown}
 n - 2 scrolls of teleportation
 r - 3 scrolls of remove curse {unknown}
 x - a scroll of enchant armour {unknown}
 y - a scroll of enchant weapon {unknown}
Potions
 f - 2 potions of haste
 i - a potion of lignification {unknown}
 m - a potion of attraction {unknown}
 q - a potion of might
 s - 2 potions of curing
 w - 3 potions of heal wounds {unknown}
 z - 2 potions of degeneration {unknown}
 A - a potion of flight {unknown}


   Skills:
 - Level 2.6 Fighting
 * Level 4.0 Maces & Flails
 + Level 3.0 Dodging
 + Level 5.4 Stealth


You had 4 spell levels left.
You didn't know any spells.
Your spell library was empty.

Dungeon Overview and Level Annotations

Branches:
Dungeon (5/15)
 Temple: D:4-7

Annotations:
D:4 exclusion: ogre
D:5 exclusion: worker ant


Innate Abilities, Weirdness & Mutations

You have an increased reservoir of magic. (+10% MP)


Message History

You feel agile all of a sudden.
You hit the gnoll.
The gnoll is poisoned.
The gnoll is lightly wounded.
The gnoll hits you with a +0 club of chaos.
You feel drained.
You hit the gnoll.
The gnoll looks as sick as possible!
The gnoll is heavily wounded.
The gnoll misses you.
You hit the gnoll.
The gnoll looks as sick as possible!
The gnoll is almost dead.
You kill the gnoll!
You hit the gnoll but do no damage.
The gnoll is poisoned.
The gnoll hits you with a +2 dagger of chaos.
You are electrocuted!
Unknown command.
You closely miss the gnoll. The gnoll completely misses you.
You hit the gnoll but do no damage.
The gnoll hits you with a +2 dagger of chaos!
You are electrocuted!
You die...

.##.....# #.#
#.#.#.....###### .##...###
#### ###.####..# .##..##
....? #.##.# #..# .[.###
_.^... ≈⌠ ### #..# ...#
.#..≈.##≈##### #..# ...# ..
....≈≈⌠§. ≈.≈# #..# ...# ≈#.
#....#.##.#.# #..# +#.#
..#≈⌠⌠#≈gg#≈.≈## #..# ...#
≈.....≈≈#@....# #..# ...##
#≈#.###^⌠#..## #..# ....##
.≈##.#.#.###. #..# .....## .
#^#.....##.. #..# ......##
#.#######.# #..# .....#'#
#.......#.####..#
.....#.######.######.#.....#
####.#........#......#.###.#
#...######.#.####<#.# #.#


You could see 2 gnolls.

Vanquished Creatures
  2 orc wizards (D:3)
  Ijyb (D:3)
  Natasha (twice) (D:3)
  2 adders
  A gnoll (D:3)
  An ooze (D:2)
  3 worms
  A leopard gecko (D:3)
  2 orcs (D:3)
  3 ball pythons
  A giant cockroach (D:2)
  4 goblins
  7 hobgoblins
  3 jackals (D:1)
  7 kobolds
  A quokka (D:3)
  3 bats
  8 frilled lizards
  7 rats
59 creatures vanquished.

Vanquished Creatures (others)
  A plant (D:1)
1 creature vanquished.

Grand Total: 60 creatures vanquished

Notes
Turn   | Place    | Note
-------+----------+-------------------------------------------
     0 | D:5      | Phaedo the Demigod Delver began the quest for the Orb.
     0 | D:5      | Reached XP level 1. HP: 18/18 MP: 3/3
     5 | D:5      | Noticed a worker ant
    79 | D:4      | Noticed an ogre
   546 | D:1      | Reached XP level 2. HP: 15/25 MP: 4/4
  1620 | D:2      | Found a faded altar of an unknown god.
  1757 | D:2      | Reached XP level 3. HP: 24/30 MP: 5/5
  2359 | D:3      | Reached skill level 5 in Stealth
  2469 | D:3      | Noticed a +0 hand axe
  2470 | D:3      | Noticed a +0 dagger
  2471 | D:3      | Found a hide-covered altar of Uskayaw.
  2486 | D:3      | Noticed Ijyb
  2490 | D:3      | Paralysed by Ijyb for 3 turns
  2500 | D:3      | Killed Ijyb
  2501 | D:3      | Reached XP level 4. HP: 36/37 MP: 6/6
  2552 | D:3      | Noticed Natasha
  2561 | D:3      | Killed Natasha
  2574 | D:3      | Reached XP level 5. HP: 15/42 MP: 7/7
  2624 | D:3      | Noticed Natasha
  2879 | D:3      | Killed Natasha
  2986 | D:3      | Found a shimmering altar of Xom.
  2995 | D:3      | Slain by a gnoll

Illustrated notes

Levels and vault maps discovered:
D:1:      dpeg_arrival_tiny_d, layout_basic, kennysheep_boxes
D:2:      layout_basic, chequers_ecumenical_altar_grove,
          chequers_serial_rivers_micro_c
D:3:      layout_basic, dancing_weapons_uskayaw, mrwooster_statue_mirror,
          tgw_xom, uniq_ijyb, uniq_natasha
D:4:      layout_rooms
D:5:      cheibrodos_barr_body, layout_basic, okawaru_metal_pillars_1_2,
          temple_fountains, minivault_27

Skill      XL: |  1  2  3  4  5 |
---------------+----------------+-----
Maces & Flails | 2 3 4 |  4.0
Dodging        | 2 3 |  3.0
Stealth        | 5 |  5.4
Fighting       | |  2.6

Action                   |  1- 3 |  4- 6 || total
-------------------------+-------+-------++-------
Melee: Mace              |    44 |       ||    44
       Dagger            |    59 |    41 ||   100
Throw: Stone             |    10 |       ||    10
       Dart              |     2 |       ||     2
  Use: Scroll            |     3 |       ||     3
       Potion            |     1 |       ||     1
 Stab: Sleeping          |    16 |     4 ||    20
Armor: Leather armour    |    13 |     5 ||    18
Dodge: Dodged            |    55 |    16 ||    71
